 Dungeon Crawl Stone Soup version 0.30.0-5-g1a98f26d00 (webtiles) character file.

Game seed: 18317677505253018838

24028 retardedninja the Thaumaturge (level 13, 0/98 HPs)
             Began as a Gnoll Fire Elementalist on May 12, 2023.
             Was a High Priest of Cheibriados.
             Killed by divine providence
             ... invoked by a meliai
              (10 damage)
             ... on level 4 of the Lair of Beasts.
             The game lasted 00:30:28 (18352 turns).

retardedninja the Thaumaturge (GnFE)               Turns: 18352, Time: 00:30:28

Health: 0/98       AC: 10    Str: 24    XL:     13   Next: 10%
Magic:  1/35       EV: 21    Int: 37    God:    Cheibriados [*****.]
Gold:   415        SH:  5    Dex: 27    Spells: 10/31 levels left

rFire   + . .        j - +2 scythe
rCold   . . .        (shield currently unavailable)
rNeg    . . .        k - +2 robe {Will+}
rPois   .            m - +2 helmet
rElec   .            (no cloak)
rCorr   .            (no gloves)
SInv    .            B - +1 pair of boots
Will    +....        l - amulet of the Slashing Enemy {Reflect rF+ Slay+2 SH+5}
Stlth   +++++        q - ring "Wacog" {Fly Str+2 Int+4}
HPRegen 0.36/turn    t - ring of magical power
MPRegen 0.24/turn

%: reflection
@: mighty, flying, very slow
A: fangs 1, strong nose, distributed training
a: Renounce Religion, Bend Time, Temporal Distortion, Slouch, Step From Time


You were on level 4 of the Lair of Beasts.
You worshipped Cheibriados.
Cheibriados was extremely pleased with you.
You visited 3 branches of the dungeon, and saw 14 of its levels.
You visited the Abyss 1 time.

You collected 727 gold pieces.
You spent 312 gold pieces at shops.

Inventory:

Hand Weapons
 g - the +6 rapier of Classification {distort, Fragile +Blink rPois rN+}
   (You took it off a kobold brigand on level 6 of the Dungeon)

   rPois:     It protects you from poison.
   rN:        It protects you from negative energy.
   +Blink:    It lets you blink.
   Fragile:   It will be destroyed if unequipped.
 j - a +2 scythe (weapon)
Missiles
 p - a throwing net
Armour
 k - a +2 robe of willpower (worn)
 m - a +2 helmet (worn)
 B - a +1 pair of boots (worn)
Jewellery
 l - the amulet of the Slashing Enemy (around neck) {Reflect rF+ Slay+2 SH+5}
   (You found it on level 3 of the Dungeon)

   [amulet of reflection]

   It reflects blocked missile attacks.
   Slay:      It affects your accuracy & damage with ranged weapons and melee
   (+2).
   rF:        It protects you from fire.
   SH:        It affects your SH (+5).
 q - the ring "Wacog" (left hand) {Fly Str+2 Int+4}
   (You found it on level 2 of the Dungeon)

   [ring of flight]

   Str:       It affects your strength (+2).
   Int:       It affects your intelligence (+4).
   Fly:       It grants you flight.
 t - a ring of magical power (right hand)
 E - a +6 ring of dexterity
Wands
 a - a wand of roots (17)
 A - a wand of paralysis (10)
Scrolls
 b - 2 scrolls of immolation
 h - a scroll of fear
 n - 2 scrolls of teleportation
 o - 3 scrolls of magic mapping
 u - 2 scrolls of amnesia
 v - a scroll of vulnerability
 w - 4 scrolls of fog
 D - 6 scrolls of identify
Potions
 c - 4 potions of flight
 d - 3 potions of resistance
 e - a potion of lignification
 f - 8 potions of mutation
 i - 2 potions of might
 r - a potion of degeneration
 x - a potion of berserk rage
 G - a potion of haste


   Skills:
 + Level 8.2 Fighting
 + Level 8.2 Short Blades
 + Level 8.2 Long Blades
 + Level 8.2 Axes
 + Level 8.2 Maces & Flails
 + Level 8.2 Polearms
 + Level 8.2 Staves
 + Level 8.2 Ranged Weapons
 + Level 8.2 Throwing
 + Level 8.2 Armour
 + Level 9.5 Dodging
 + Level 9.3 Stealth
 + Level 8.2 Shields
 + Level 8.2 Unarmed Combat
 + Level 9.7 Spellcasting
 + Level 7.2 Conjurations
 + Level 6.9 Hexes
 + Level 6.9 Summonings
 + Level 6.9 Necromancy
 + Level 6.9 Translocations
 + Level 6.9 Transmutations
 + Level 8.9 Fire Magic
 + Level 6.9 Ice Magic
 + Level 6.9 Air Magic
 + Level 6.9 Earth Magic
 + Level 6.9 Poison Magic
 + Level 9.0 Invocations
 + Level 8.2 Evocations


You had 10 spell levels left.
You knew the following spells:

 Your Spells              Type           Power      Damage    Failure   Level
a - Foxfire               Conj/Fire      100%       2x1d9     1%          1
b - Scorch                Fire           100%       2d9       1%          2
c - Flame Wave            Conj/Fire      67%        2d15      1%          4
d - Inner Flame           Hex/Fire       66%        N/A       1%          3
e - Fireball              Conj/Fire      33%        3d14      2%          5
f - Starburst             Conj/Fire      33%        6d10      12%         6

Your spell library contained the following spells:

 Spells                   Type           Power      Damage    Failure   Level
 Freeze                   Ice            100%       1d10      1%          1
 Poisonous Vapours        Pois/Air       100%       N/A       1%          2
 Searing Ray              Conj           100%       2d8       1%          2
 Frozen Ramparts          Ice            100%       1d16      1%          3
 Ozocubu's Armour         Ice            62%        N/A       1%          3
 Volatile Blastmotes      Fire/Tloc      100%       2d18      1%          3
 Ice Form                 Ice/Tmut       62%        N/A       1%          4
 Petrify                  Tmut/Erth      62%        N/A       1%          4
 Summon Ice Beast         Ice/Summ       62%        N/A       1%          4
 Iskenderun's Battlesphe  Conj           64%        2d11      3%          5
 Metabolic Englaciation   Hex/Ice        31%        N/A       3%          5
 Conjure Ball Lightning   Conj/Air       31%        3x3d10    19%         6
 Statue Form              Tmut/Erth      41%        N/A       21%         6
 Orb of Destruction       Conj           32%        9d10      67%         7
 Ozocubu's Refrigeration  Ice            31%        4d14      73%         7


Dungeon Overview and Level Annotations

Branches:
Dungeon (9/15)             Temple (1/1) D:6            Lair (4/5) D:8
  Swamp (0/4) Lair:2        Snake (0/4) Lair:3
  Slime: Lair:4-5       Orc: D:9-12

Altars:
Ashenzari
Cheibriados
Dithmenos
Elyvilon
Fedhas
Gozag
Hepliaklqana
Kikubaaqudgha
Makhleb
Nemelex Xobeh
Okawaru
Qazlal
Ru
Sif Muna
Trog
Uskayaw
Vehumet
Wu Jian
Xom
Yredelemnul
Zin
The Shining One
Lugonu

Shops:
D:7 ::*

Portals:
Abyss: D:6

Annotations:
D:6 1 runed translucent door, jasper's ghost, novice SpBe
D:9 1 runed translucent door


Innate Abilities, Weirdness & Mutations

You have very sharp teeth.
Your uncanny sense of smell can sniff out nearby items.
Your experience applies equally to all skills.


Message History

Your butterfly disappears in a burst of colours!
The meliai hits something with a +0 war axe!
The meliai closely misses you. The killer bee barely misses you.
Read: 3 scrolls of fear
Press: ? - help, Q - select action, (/) - cycle Dir - look around, f - activate Look: a killer bee (ally target, chance to affect: 98%)
As you read the scroll of fear, it crumbles to dust.
You assume a fearsome visage.
The killer bee looks frightened! x3; The meliai looks frightened!
Unknown command.
The meliai is no longer more vulnerable to fire.
The meliai closely misses you.
The meliai stings you but does no damage.
The meliai closely misses you.
The meliai stings you but does no damage.
The meliai hits you with a +0 war axe.
* * * LOW HITPOINT WARNING * * *
The meliai stings you but does no damage.
A killer bee comes into view. x2
The meliai misses you. You block the meliai's attack.
Something closely misses your butterfly.
Casting: Scorch (safe; 1% risk of failure)
Confirm with . or Enter, or press ? or * to list all spells.
Flames lash the meliai.
Your attack snaps the meliai out of its fear.
The meliai is almost dead.
The meliai's fire resistance burns away.
The meliai completely misses you. The meliai barely misses you. x2
The meliai closely misses you.
The killer bee completely misses your butterfly.
The killer bee misses your butterfly.
Read: 2 scrolls of fear
Press: ? - help, Q - select action, (/) - cycle Dir - look around, f - activate Look: a meliai, wielding a +0 war axe and wearing a +0 robe (almost dead, more vulnerable to fire, ally target, chance to affect: 97%)
As you read the scroll of fear, it crumbles to dust.
You assume a fearsome visage.
The killer bee looks frightened!
The meliai looks frightened!
The meliai mumbles some strange prayers to its god against you.
Something smites you!
You die... ∆∆ ∆ ∆ ∆∆ # #. ∆ y# #. ∆ yy# .# ##.##### ∆ yy∆

#.####...##P#######.####
.........bbbbbby)by....
##.........[#@#.y...###
#.......bb#.b#y##.P##
#......<.###### .y#
##........# ##
#.........# #.........#
##........# #P........##
##.....)...#


You could see a meliai (fleeing, combustible, ally target) and 2 killer bees.

Vanquished Creatures
  Gastronok (Lair:3)
  A catoblepas (Lair:1)
  2 hydras
  A boulder beetle (Lair:3)
  Urug (Lair:3)
  Nergalle (Lair:1)
  Amaemon (Lair:2)
  Pikel (D:7)
  6 elephants (Lair:3)
  3 black mambas
  An orange demon (Lair:2)
  2 cane toads
  Maggie (D:6)
  2 rime drakes
  3 komodo dragons
  2 meliai (Lair:4)
  A polar bear (Lair:1)
  A queen bee (Lair:4)
  Prince Ribbit (D:5)
  5 blink frogs (Lair:2)
  Sigmund (D:2)
  24 yaks
  A vampire (D:9)
  2 wyverns
  3 basilisks
  A warg (D:9)
  4 water moccasins
  5 ice beasts (D:7)
  6 orc warriors
  3 sky beasts
  13 wolves
  2 ogres (D:6)
  5 black bears
  A centaur (D:6)
  4 lemures
  4 kobold brigands
  15 bullfrogs
  14 killer bees (Lair:4)
  6 electric eels (Lair:2)
  4 howler monkeys
  4 hounds
  A jelly (D:4)
  A gnoll bouda (D:7)
  7 orc priests
  A sleepcap (D:6)
  8 orc wizards
  2 iguanas (D:6)
  Robin (D:2)
  3 gnolls (D:7)
  6 adders
  A shadow imp (D:6)
  A white imp (D:6)
  An ufetubus (D:5)
  3 worms
  2 dart slugs
  44 orcs
  6 ball pythons
  10 endoplasms
  2 giant cockroaches
  8 hobgoblins
  4 quokkas
  4 bats
  5 frilled lizards
  13 goblins
  13 kobolds
  3 rats
  A spectral orc (D:6)
310 creatures vanquished.

Vanquished Creatures (collateral kills)
  2 foxfires
2 creatures vanquished.

Vanquished Creatures (others)
  A butterfly (D:8)
  782 foxfires
783 creatures vanquished.

Grand Total: 1095 creatures vanquished

Notes
Turn   | Place    | Note
-------+----------+-------------------------------------------
     0 | D:1      | retardedninja the Gnoll Fire Elementalist began the quest
                  | for the Orb.
     0 | D:1      | Reached XP level 1. HP: 13/13 MP: 6/6
   372 | D:1      | Reached XP level 2. HP: 11/19 MP: 3/7
  1024 | D:2      | Noticed Sigmund
  1038 | D:1      | Learned a level 2 spell: Scorch
  1073 | D:2      | Killed Sigmund
  1074 | D:2      | Reached skill level 1 in Fighting
  1074 | D:2      | Reached skill level 1 in Short Blades
  1074 | D:2      | Reached skill level 1 in Long Blades
  1074 | D:2      | Reached skill level 1 in Axes
  1074 | D:2      | Reached skill level 1 in Maces & Flails
  1074 | D:2      | Reached skill level 1 in Polearms
  1074 | D:2      | Reached skill level 1 in Staves
  1074 | D:2      | Reached skill level 1 in Ranged Weapons
  1074 | D:2      | Reached skill level 1 in Throwing
  1074 | D:2      | Reached skill level 1 in Armour
  1074 | D:2      | Reached skill level 1 in Shields
  1074 | D:2      | Reached skill level 1 in Unarmed Combat
  1074 | D:2      | Reached skill level 5 in Spellcasting
  1074 | D:2      | Reached skill level 1 in Hexes
  1074 | D:2      | Reached skill level 1 in Summonings
  1074 | D:2      | Reached skill level 1 in Necromancy
  1074 | D:2      | Reached skill level 1 in Translocations
  1074 | D:2      | Reached skill level 1 in Transmutations
  1074 | D:2      | Reached skill level 1 in Ice Magic
  1074 | D:2      | Reached skill level 1 in Air Magic
  1074 | D:2      | Reached skill level 1 in Earth Magic
  1074 | D:2      | Reached skill level 1 in Poison Magic
  1074 | D:2      | Reached skill level 1 in Invocations
  1074 | D:2      | Reached skill level 1 in Evocations
  1074 | D:2      | Reached XP level 3. HP: 26/26 MP: 0/9
  1074 | D:2      | Reached XP level 4. HP: 32/32 MP: 0/11
  1074 | D:2      | Reached XP level 5. HP: 37/37 MP: 0/12
  1491 | D:2      | Noticed Robin
  1509 | D:2      | Killed Robin
  2045 | D:2      | Identified the ring "Wacog" {Fly Str+2 Int+4}
  2126 | D:2      | Found an iron altar of Okawaru.
  2316 | D:2      | Reached XP level 6. HP: 44/44 MP: 10/13
  2518 | D:3      | Found a stormy altar of Qazlal.
  2903 | D:3      | Identified the amulet of the Slashing Enemy {Reflect rF+
                  | Slay+2 SH+5}
  2997 | D:3      | Reached skill level 5 in Dodging
  3147 | D:3      | Found an opulent altar of Gozag.
  3569 | D:4      | You are sucked into a shaft and drop 2 floors!
  3655 | D:6      | Noticed a water moccasin
  3672 | D:6      | Killed a water moccasin
  3681 | D:6      | Reached XP level 7. HP: 48/51 MP: 10/15
  3843 | D:6      | Noticed Maggie
  3870 | D:6      | Killed Maggie
  3871 | D:6      | Reached skill level 5 in Stealth
  3871 | D:6      | Reached XP level 8. HP: 27/58 MP: 11/16
  4317 | D:6      | Found a runed translucent door.
  4321 | D:6      | Noticed jasper's ghost (novice SpBe)
  4330 | D:5      | Entered Level 5 of the Dungeon
  5551 | D:5      | Paralysed by an orc for 4 turns
  5709 | D:5      | Noticed Prince Ribbit
  5719 | D:5      | Killed Prince Ribbit
  6005 | D:5      | Found an ancient bone altar of Kikubaaqudgha.
  6007 | D:5      | Found a sparkling altar of Nemelex Xobeh.
  6153 | D:5      | Found a sacrificial altar of Ru.
  6240 | D:6      | Found a large runed translucent door.
  6240 | D:6      | Found a large runed translucent door.
  6242 | D:6      | Found a staircase to the Ecumenical Temple.
  6256 | Temple   | Entered the Ecumenical Temple
  6279 | Temple   | Became a worshipper of Cheibriados the Contemplative
  6381 | D:6      | Found a basalt altar of Yredelemnul.
  6473 | D:6      | Found a corrupted altar of Lugonu.
  6502 | D:6      | Reached XP level 9. HP: 50/65 MP: 14/18
  6654 | D:6      | Found a runed translucent door.
  6681 | D:6      | Identified the +6 rapier of Classification {distort,
                  | Fragile +Blink rPois rN+}
  6836 | D:6      | Found a one-way gate to the infinite horrors of the Abyss.
  7107 | Abyss:1  | Noticed a starcursed mass
  7107 | Abyss:1  | Noticed a death drake
  7107 | Abyss:1  | Cast into level 1 of the Abyss (kobold brigand)
  7132 | Abyss:1  | Noticed a thrashing horror
  7138 | Abyss:1  | Found a corrupted altar of Lugonu.
  7139 | Abyss:1  | Noticed a tentacled starspawn
  7146 | Abyss:2  | Found a corrupted altar of Lugonu.
  7214 | Abyss:3  | Noticed a purple ugly thing
  7236 | Abyss:3  | Noticed a spatial maelstrom
  7246 | Abyss:3  | Noticed a large abomination
  7247 | Abyss:3  | Noticed a large abomination
  7263 | D:6      | Escaped the Abyss
  7269 | D:6      | HP: 3/65 [kobold brigand/+2 rapier of distortion (6)]
  7654 | D:7      | Found Tecosapo's Book Emporium.
  7654 | D:7      | Found Momud's Book Emporium.
  7654 | D:7      | Found Facati's Assorted Antiques.
  7939 | D:7      | Reached * piety under Cheibriados
  8012 | D:7      | Bought the Precepts of the Discharge and Ozone for 312 gold
                  | pieces
  8326 | D:7      | Found a bloodstained altar of Trog.
  8337 | D:7      | Found a shimmering blue altar of Sif Muna.
  8351 | D:7      | Got Sif Muna's Treatise on the Iceberg
  8389 | D:7      | Reached skill level 5 in Invocations
  8549 | D:7      | Identified the +0 scale mail "Kinyf" {Harm Slay+3}
  8756 | D:7      | Noticed Pikel
  9098 | D:7      | Killed Pikel
  9465 | D:8      | Reached skill level 5 in Fighting
  9465 | D:8      | Reached skill level 5 in Short Blades
  9465 | D:8      | Reached skill level 5 in Long Blades
  9465 | D:8      | Reached skill level 5 in Axes
  9465 | D:8      | Reached skill level 5 in Maces & Flails
  9465 | D:8      | Reached skill level 5 in Polearms
  9465 | D:8      | Reached skill level 5 in Staves
  9465 | D:8      | Reached skill level 5 in Ranged Weapons
  9465 | D:8      | Reached skill level 5 in Throwing
  9465 | D:8      | Reached skill level 5 in Armour
  9465 | D:8      | Reached skill level 5 in Shields
  9465 | D:8      | Reached skill level 5 in Unarmed Combat
  9465 | D:8      | Reached skill level 5 in Evocations
  9465 | D:8      | Reached XP level 10. HP: 74/74 MP: 13/20
  9653 | D:7      | Learned a level 4 spell: Flame Wave
  9657 | D:7      | Learned a level 3 spell: Inner Flame
  9684 | D:7      | Reached skill level 5 in Conjurations
 10003 | D:7      | Reached ** piety under Cheibriados
 10447 | D:8      | Found a white marble altar of Elyvilon.
 10552 | D:8      | Found a staircase to the Lair.
 10783 | D:8      | Found a burning altar of Makhleb.
 11012 | D:8      | Found a glowing silver altar of Zin.
 11678 | D:9      | Reached *** piety under Cheibriados
 11685 | D:9      | Reached skill level 5 in Hexes
 11685 | D:9      | Reached skill level 5 in Summonings
 11685 | D:9      | Reached skill level 5 in Necromancy
 11685 | D:9      | Reached skill level 5 in Translocations
 11685 | D:9      | Reached skill level 5 in Transmutations
 11685 | D:9      | Reached skill level 5 in Ice Magic
 11685 | D:9      | Reached skill level 5 in Air Magic
 11685 | D:9      | Reached skill level 5 in Earth Magic
 11685 | D:9      | Reached skill level 5 in Poison Magic
 11688 | D:9      | Reached XP level 11. HP: 72/81 MP: 1/22
 12172 | D:9      | Found a runed translucent door.
 12172 | D:9      | Noticed a skeletal warrior
 12656 | Lair:1   | Entered Level 1 of the Lair of Beasts
 12693 | Lair:1   | Learned a level 5 spell: Fireball
 12745 | Lair:1   | Reached **** piety under Cheibriados
 13664 | Lair:1   | Noticed Nergalle
 13673 | Lair:1   | Killed Nergalle
 14043 | Lair:2   | Reached ***** piety under Cheibriados
 14220 | Lair:2   | Noticed a catoblepas
 14246 | Lair:1   | Killed a catoblepas
 14247 | Lair:1   | Reached XP level 12. HP: 44/91 MP: 17/24
 14761 | Lair:2   | Noticed a five-headed hydra
 14769 | Lair:2   | Killed a five-headed hydra
 15202 | Lair:2   | Noticed Amaemon
 15206 | Lair:2   | Killed Amaemon
 15641 | Lair:2   | Found a staircase to the Swamp.
 16149 | Lair:2   | You are sucked into a shaft and drop 1 floor!
 16160 | Lair:3   | Noticed Urug
 16172 | Lair:3   | Killed Urug
 16986 | Lair:3   | Found a staircase to the Snake Pit.
 17252 | Lair:3   | Noticed a boulder beetle
 17261 | Lair:3   | Noticed Gastronok
 17284 | Lair:3   | Killed Gastronok
 17286 | Lair:3   | Killed a boulder beetle
 17393 | Lair:3   | Noticed a seven-headed hydra
 17396 | Lair:3   | Killed a seven-headed hydra
 17938 | Lair:3   | Reached XP level 13. HP: 94/98 MP: 14/26
 18253 | Lair:3   | Learned a level 6 spell: Starburst
 18352 | Lair:4   | Killed from afar by a meliai

Illustrated notes

Levels and vault maps discovered:
D:1:      dpeg_arrival_pond, layout_loops_ring
D:2:      layout_loops_ring, basic_altar, uniq_robin, uniq_sigmund
D:3:      layout_basic, mainiacjoe_overflow_concentric_impassable,
          lemuel_tele_altar, kennysheep_generic_room_12
D:4:      layout_cave_pools
D:5:      layout_loops_ring, hangedman_ru_absence,
          chequers_temple_overflow_statue_of_worship, uniq_prince_ribbit1
D:6:      due_chaos_kobolds, layout_basic, yredelemnul_forgotten_temple_becter,
          temple_fountains, ebering_ghost_sewer_f, uniq_maggie
D:7:      layout_gridville, nzn_overflow_gifts_of_might_and_magic,
          enter_bailey_2, nicolae_shop_distant_corner_stores, uniq_pikel
D:8:      layout_loops_cross, nicolae_overflow_hidden_temple,
          nicolae_elyvilon_peaceful_grove, mainiacjoe_overflow_small_starburst,
          hellmonk_lair_entry_icy
D:9:      layout_basic, erik_orc_3, serial_rivers,
          chequers_serial_rivers_micro_c, chequers_serial_rivers_micro_e,
          chequers_serial_rivers_micro_a, chequers_serial_rivers_large_a,
          chequers_serial_rivers_micro_e, chequers_serial_rivers_micro_a,
          minivault_13
Temple:   minmay_freezing_vapour_temple
Lair:1:   layout_regular_city, beast_lair_carwin_6, uniq_nergalle
Lair:2:   layout_regular_city, minmay_swamp_entry_eels,
          infiniplex_staircase_pool_2, uniq_amaemon
Lair:3:   layout_cave_pods, dummy_snake_entry, uniq_gastronok, uniq_urug
Lair:4:   layout_small_grid, special_room [special_room_bee], lemuel_fruit_tree

Skill      XL: |  1  2  3  4  5  6  7  8  9 10 11 12 13 |
---------------+----------------------------------------+-----
Conjurations   | 2 3 4 5 6 7 |  7.2
Fighting       | 1 2 3 5 6 7 8 |  8.2
Short Blades   | 1 2 3 5 6 7 8 |  8.2
Long Blades    | 1 2 3 5 6 7 8 |  8.2
Axes           | 1 2 3 5 6 7 8 |  8.2
Maces & Flails | 1 2 3 5 6 7 8 |  8.2
Polearms       | 1 2 3 5 6 7 8 |  8.2
Staves         | 1 2 3 5 6 7 8 |  8.2
Ranged Weapons | 1 2 3 5 6 7 8 |  8.2
Throwing       | 1 2 3 5 6 7 8 |  8.2
Armour         | 1 2 3 5 6 7 8 |  8.2
Shields        | 1 2 3 5 6 7 8 |  8.2
Unarmed Combat | 1 2 3 5 6 7 8 |  8.2
Spellcasting   | 5 6 7 8 9 |  9.7
Hexes          | 1 2 3 4 5 6 |  6.9
Summonings     | 1 2 3 4 5 6 |  6.9
Necromancy     | 1 2 3 4 5 6 |  6.9
Translocations | 1 2 3 4 5 6 |  6.9
Transmutations | 1 2 3 4 5 6 |  6.9
Ice Magic      | 1 2 3 4 5 6 |  6.9
Air Magic      | 1 2 3 4 5 6 |  6.9
Earth Magic    | 1 2 3 4 5 6 |  6.9
Poison Magic   | 1 2 3 4 5 6 |  6.9
Invocations    | 1 2 3 4 5 6 7 8 9 |  9.0
Evocations     | 1 2 3 5 6 7 8 |  8.2
Dodging        | 5 6 7 8 9 |  9.5
Stealth        | 5 6 7 8 9 |  9.3
Fire Magic     | 6 7 8 |  8.9

Action                     |  1- 3 |  4- 6 |  7- 9 | 10-12 | 13-15 || total
---------------------------+-------+-------+-------+-------+-------++-------
  Melee: Halberd           |       |    28 |    27 |    43 |     1 ||    99
         Bite              |       |     3 |     2 |    10 |     1 ||    16
   Cast: Foxfire           |    45 |   125 |   180 |   128 |     1 ||   479
         Scorch            |     4 |    20 |    81 |    35 |     3 ||   143
         Flame Wave        |       |       |       |    45 |     1 ||    46
         Fireball          |       |       |       |    41 |       ||    41
         Starburst         |       |       |       |       |     7 ||     7
  Evoke: Wand              |       |     1 |       |     9 |       ||    10
    Use: Scroll            |       |     6 |    18 |    13 |     3 ||    40
         Potion            |       |     1 |     5 |     8 |     3 ||    17
   Stab: Sleeping          |       |       |       |     1 |       ||     1
 Armour: Robe              |       |    17 |    41 |   105 |    15 ||   178
  Dodge: Dodged            |     6 |    47 |   102 |   365 |    70 ||   590
  Block: Other             |       |     4 |    37 |    94 |    15 ||   150
         Reflection        |       |       |     2 |     1 |       ||     3
